| 
	| TOP OF THE 1ST | 
|---|
 
		| Pennsylvania State University Nittany Lions batting - Pitching for Clemson University Tigers : RHP Kang-xi Loh |  
		| Pitching: RHP Kang-xi Loh |  |  
		| Batting: RHB Francisco Velazquez | 0-0: Ball 1-0: Ground out 4-3 (Groundball, 4M, EV 106.2 MPH)
 |  
		| Batting: RHB Pete Martin | 0-0: Swinging Strike 0-1: Ball
 1-1: Foul Ball, location: 2F
 1-2: Foul Ball, location: 2F
 1-2: Ball
 2-2: Foul Ball, location: 2F
 2-2: Ball
 3-2: Foul Ball, location: 2F
 3-2: Ground out 6-3 (Groundball, 6S, EV 78.8 MPH)
 |  
		| Batting: RHB Josh Ebeling | 0-0: Ball 1-0: Ball
 2-0: Foul Ball, location: 2F
 2-1: Ball
 3-1: Base on Balls
 |  
		| Batting: RHB Rob Hinojosa | 0-0: Called Strike 0-1: Ball
 1-1: Foul Ball, location: 2F
 1-2: Foul Ball, location: 2F
 1-2: Ground out 5-3 (Groundball, 56S, EV 83.1 MPH)
 |  
		| Top of the 1st over - 0 runs, 0 hits, 0 errors, 1 left on base; Pennsylvania State University 0 - Clemson University 0 |  
	| BOTTOM OF THE 1ST | 
|---|
 
		| Clemson University Tigers batting - Pitching for Pennsylvania State University Nittany Lions : LHP Yari Rono |  
		| Pitching: LHP Yari Rono |  |  
		| Batting: LHB Steve Gates | 0-0: Ball 1-0: Ball
 2-0: Foul Ball, location: 2F
 2-1: Ground out 6-3 (Groundball, 6, EV 104.4 MPH)
 |  
		| Batting: LHB Santiago Carrillo | 0-0: SINGLE  (Flyball, 8LS, EV 94.4 MPH) |  
		| Batting: RHB Marco Maggs | 0-0: Foul Ball, location: 2F 0-1: Swinging Strike
 0-2: Strikes out swinging
 |  
		| Batting: RHB Josh LeSage | 0-0: Ball 1-0: Called Strike
 1-1: Ground out 6-3 (Groundball, P, EV 86.9 MPH)
 |  
		| Bottom of the 1st over - 0 runs, 1 hit, 0 errors, 1 left on base; Pennsylvania State University 0 - Clemson University 0 |  
	| TOP OF THE 2ND | 
|---|
 
		| Pennsylvania State University Nittany Lions batting - Pitching for Clemson University Tigers : RHP Kang-xi Loh |  
		| Batting: RHB Victor Victorino | 0-0: Foul Ball, location: 2F 0-1: Ball
 1-1: Called Strike
 1-2: Strikes out swinging
 |  
		| Batting: RHB Joe Strachan | 0-0: Ball 1-0: Called Strike
 1-1:  Fly out, F9  (Line Drive, 89S, EV 85.6 MPH)
 |  
		| Batting: RHB Guy Jock | 0-0: Ball 1-0: Foul Ball, location: 2F
 1-1: Foul Ball, location: 2F
 1-2: Foul Ball, location: 2F
 1-2: Foul Ball, location: 2F
 1-2: Foul Ball, location: 2F
 1-2: Foul Ball, location: 2F
 1-2: Ball
 2-2: Foul Ball, location: 2F
 2-2: Foul Ball, location: 2F
 2-2:  SOLO HOME RUN  (Flyball, 7D, EV 99.4 MPH), Distance : 389 ft
 |  
		| Batting: LHB Dan Lape | 0-0: Foul Ball, location: 2F 0-1: Swinging Strike
 0-2: Ball
 1-2:  Fly out, F8  (Flyball, 8LD, EV 96.9 MPH)
 |  
		| Top of the 2nd over - 1 run, 1 hit, 0 errors, 0 left on base; Pennsylvania State University 1 - Clemson University 0 |  
	| BOTTOM OF THE 2ND | 
|---|
 
		| Clemson University Tigers batting - Pitching for Pennsylvania State University Nittany Lions : LHP Yari Rono |  
		| Batting: LHB Jochen Salt | 0-0: Ground out 4-3 (Groundball, 4, EV 88.1 MPH) |  
		| Batting: RHB Jason Duncan | 0-0: Ball 1-0: Called Strike
 1-1: Foul Ball, location: 2F
 1-2: DOUBLE  (Line Drive, 9LS, EV 93.1 MPH)
 |  
		| Batting: LHB Mario Nunez | 0-0: Ball 1-0: Foul Ball, location: 2F
 1-1: Ground out 4-3 (Groundball, 4, EV 83.1 MPH)
 Jason Duncan to third
 |  
		| Batting: RHB Willis Suarez | 0-0: Called Strike 0-1: Ball
 1-1: Ball
 2-1: Ball
 3-1: Base on Balls
 |  
		| Batting: RHB Danny Gutierrez | 0-0: Called Strike 0-1: SINGLE  (Groundball, 34, EV 88.1 MPH) (infield hit)
 Jason Duncan scores
 Willis Suarez to second
 |  
		| Batting: LHB Steve Gates | 0-0: Ball 1-0: Ground out 1-3 (Groundball, 34S, EV 70.0 MPH)
 |  
		| Bottom of the 2nd over - 1 run, 2 hits, 0 errors, 2 left on base; Pennsylvania State University 1 - Clemson University 1 |  
	| TOP OF THE 3RD | 
|---|
 
		| Pennsylvania State University Nittany Lions batting - Pitching for Clemson University Tigers : RHP Kang-xi Loh |  
		| Batting: RHB James Steinmetz | 0-0: Foul Ball, location: 2F 0-1: Ball
 1-1: Ball
 2-1: Foul Ball, location: 2F
 2-2: Ball
 3-2:  SOLO HOME RUN  (Flyball, 7D, EV 101.9 MPH), Distance : 395 ft
 |  
		| Batting: RHB Francisco Velazquez | 0-0: Called Strike 0-1: Ball
 1-1: Ground out 6-3 (Groundball, 6, EV 83.8 MPH)
 |  
		| Batting: RHB Pete Martin | 0-0: Ball 1-0: Ground out 4-3 (Groundball, 4, EV 96.9 MPH)
 |  
		| Batting: RHB Josh Ebeling | 0-0: Ball 1-0: Swinging Strike
 1-1: Ball
 2-1: Ball
 3-1: Ground out 4-3 (Groundball, 6M, EV 106.9 MPH)
 |  
		| Top of the 3rd over - 1 run, 1 hit, 0 errors, 0 left on base; Pennsylvania State University 2 - Clemson University 1 |  
	| BOTTOM OF THE 3RD | 
|---|
 
		| Clemson University Tigers batting - Pitching for Pennsylvania State University Nittany Lions : LHP Yari Rono |  
		| Batting: LHB Santiago Carrillo | 0-0: Ball 1-0: Called Strike
 1-1:  SOLO HOME RUN  (Flyball, 7LD, EV 104.4 MPH), Distance : 388 ft
 |  
		| Batting: RHB Marco Maggs | 0-0:  Fly out, F8  (Flyball, 8LM, EV 76.9 MPH) |  
		| Batting: RHB Josh LeSage | 0-0: Foul Ball, location: 2F 0-1: Called Strike
 0-2: Ball
 1-2: Ground out 6-3 (Groundball, 6, EV 106.2 MPH)
 |  
		| Batting: LHB Jochen Salt | 0-0: Foul Ball, location: 2F 0-1: SINGLE  (Groundball, 4MD, EV 102.5 MPH) (infield hit)
 |  
		| Batting: RHB Jason Duncan | 0-0:  Fly out, F3  (Popup, 3SF, EV 87.5 MPH) |  
		| Bottom of the 3rd over - 1 run, 2 hits, 0 errors, 1 left on base; Pennsylvania State University 2 - Clemson University 2 |  
	| TOP OF THE 4TH | 
|---|
 
		| Pennsylvania State University Nittany Lions batting - Pitching for Clemson University Tigers : RHP Kang-xi Loh |  
		| Batting: RHB Rob Hinojosa | 0-0: DOUBLE  (Line Drive, 78XD, EV 105.0 MPH) |  
		| Batting: RHB Victor Victorino | 0-0:  Fly out, F8  (Flyball, 89XD, EV 93.8 MPH) Runner from 2nd tags up, SAFE at 3rd, no throw by CF
 |  
		| Batting: RHB Joe Strachan | 0-0: Ball 1-0: Foul Ball, location: 2F
 1-1: Foul Ball, location: 2F
 1-2:  Fly out, F8  (Flyball, 8LXD, EV 103.8 MPH)
 Runner from 3rd tags up, SCORES, no throw by CF
 |  
		| Batting: RHB Guy Jock | 0-0:  Fly out, F9  (Flyball, 9, EV 93.1 MPH) |  
		| Top of the 4th over - 1 run, 1 hit, 0 errors, 0 left on base; Pennsylvania State University 3 - Clemson University 2 |  
	| BOTTOM OF THE 4TH | 
|---|
 
		| Clemson University Tigers batting - Pitching for Pennsylvania State University Nittany Lions : LHP Yari Rono |  
		| Batting: LHB Mario Nunez | 0-0: Ground out U3 (Groundball, 3, EV 101.9 MPH) |  
		| Batting: RHB Willis Suarez | 0-0: SINGLE  (Groundball, 34D, EV 94.4 MPH) |  
		| Batting: RHB Danny Gutierrez | 0-0: Ball 1-0: Foul Ball, location: 2F
 1-1: Swinging Strike
 1-2: Ball
 2-2:  2-RUN HOME RUN  (Flyball, 7LD, EV 93.1 MPH), Distance : 375 ft
 |  
		| Batting: LHB Steve Gates | 0-0: Called Strike 0-1:  Fly out, F8  (Flyball, 8LD, EV 92.5 MPH)
 |  
		| Batting: LHB Santiago Carrillo | 0-0: Called Strike 0-1: Foul Ball, location: 2F
 0-2: Foul Ball, location: 2F
 0-2: Ball
 1-2:  Fly out, F7  (Flyball, 78D, EV 106.9 MPH)
 |  
		| Bottom of the 4th over - 2 runs, 2 hits, 0 errors, 0 left on base; Pennsylvania State University 3 - Clemson University 4 |  
	| TOP OF THE 5TH | 
|---|
 
		| Pennsylvania State University Nittany Lions batting - Pitching for Clemson University Tigers : RHP Kang-xi Loh |  
		| Batting: LHB Dan Lape | 0-0: Ball 1-0: Called Strike
 1-1: SINGLE  (Groundball, 34D, EV 103.8 MPH)
 |  
		| Batting: RHB James Steinmetz | 0-0: Sac Bunt to 5S - play at first, batter OUT! 5-3 Dan Lape to second
 |  
		| Batting: RHB Francisco Velazquez | 0-0: Ground out 5-3 (Groundball, 15, EV 92.5 MPH) |  
		| Batting: RHB Pete Martin | 0-0: Called Strike 0-1: Foul Ball, location: 2F
 0-2: Ball
 1-2: Ball
 2-2: Foul Ball, location: 2F
 2-2: Ball
 3-2: Strikes out swinging
 |  
		| Top of the 5th over - 0 runs, 1 hit, 0 errors, 1 left on base; Pennsylvania State University 3 - Clemson University 4 |  
	| BOTTOM OF THE 5TH | 
|---|
 
		| Clemson University Tigers batting - Pitching for Pennsylvania State University Nittany Lions : LHP Yari Rono |  
		| Batting: RHB Marco Maggs | 0-0: Ground out 5-3 (Groundball, 5, EV 85.6 MPH) |  
		| Batting: RHB Josh LeSage | 0-0: Ball 1-0: Called Strike
 1-1: DOUBLE  (Line Drive, 9LD, EV 105.0 MPH)
 |  
		| Batting: LHB Jochen Salt | 0-0:  Fly out, F8  (Line Drive, 8LD, EV 90.6 MPH) |  
		| Batting: RHB Jason Duncan | 0-0: Called Strike 0-1: Foul Ball, location: 2F
 0-2: Strikes out swinging
 |  
		| Bottom of the 5th over - 0 runs, 1 hit, 0 errors, 1 left on base; Pennsylvania State University 3 - Clemson University 4 |  
	| TOP OF THE 6TH | 
|---|
 
		| Pennsylvania State University Nittany Lions batting - Pitching for Clemson University Tigers : RHP Kang-xi Loh |  
		| Batting: RHB Josh Ebeling | 0-0: Ball 1-0: Ball
 2-0: Foul Ball, location: 2F
 2-1: Foul Ball, location: 2F
 2-2: Ball
 3-2: SINGLE  (Line Drive, 4MD, EV 99.4 MPH)
 |  
		| Batting: RHB Rob Hinojosa | 0-0: Ball 1-0: Called Strike
 1-1: Swinging Strike
 1-2: Ball
 2-2: Ball
 3-2: Foul Ball, location: 2F
 3-2: Base on Balls
 Josh Ebeling to second
 |  
		| Pitching: RHP John Sweet |  |  
		| Batting: RHB Victor Victorino | 0-0: Called Strike 0-1: Ball
 1-1: Ball
 2-1: Called Strike
 2-2: Foul Ball, location: 2F
 2-2: Ball
 3-2: Foul Ball, location: 2F
 3-2: Strikes out swinging
 |  
		| Batting: RHB Joe Strachan | 0-0: Called Strike 0-1: Fielders Choice at 2nd, 6-4 (Groundball, 6, EV 91.9 MPH)
 Josh Ebeling to third
 |  
		| Batting: RHB Guy Jock | 0-0: Ball Wild Pitch!
 Josh Ebeling scores
 Joe Strachan to second
 1-0: Ball
 2-0: Ball
 3-0: Called Strike
 3-1: Foul Ball, location: 2F
 3-2:  Fly out, F7  (Flyball, 7LS, EV 81.2 MPH)
 |  
		| Top of the 6th over - 1 run, 1 hit, 0 errors, 1 left on base; Pennsylvania State University 4 - Clemson University 4 |  
	| BOTTOM OF THE 6TH | 
|---|
 
		| Clemson University Tigers batting - Pitching for Pennsylvania State University Nittany Lions : LHP Yari Rono |  
		| Batting: LHB Mario Nunez | 0-0: Ball 1-0: Ball
 2-0: Called Strike
 2-1: Ground out 2-3 (Groundball, 2L, EV 73.8 MPH)
 |  
		| Batting: RHB Willis Suarez | 0-0: Ball 1-0: Ball
 2-0: Ball
 3-0: Base on Balls
 |  
		| Batting: RHB Danny Gutierrez | 0-0: Ball 1-0: Called Strike
 1-1: Grounds into double play, 6-4-3 (Groundball, 6, EV 86.2 MPH)
 |  
		| Bottom of the 6th over - 0 runs, 0 hits, 0 errors, 0 left on base; Pennsylvania State University 4 - Clemson University 4 |  
	| TOP OF THE 7TH | 
|---|
 
		| Pennsylvania State University Nittany Lions batting - Pitching for Clemson University Tigers : RHP John Sweet |  
		| Pitching: LHP Brian Anderson |  |  
		| Batting: LHB Dan Lape | 0-0: Foul Ball, location: 2F 0-1: Ground out 6-3 (Groundball, 6, EV 85.0 MPH)
 |  
		| Pitching: LHP Jonathan Hughes |  |  
		| Batting: RHB James Steinmetz | 0-0: Ball 1-0: Ball
 2-0: Foul Ball, location: 2F
 2-1: Ball
 3-1: Base on Balls
 |  
		| Batting: RHB Francisco Velazquez | 0-0: Foul Ball, location: 2F 0-1:  Fly out, F4  (Popup, 4D, EV 50.0 MPH)
 |  
		| Batting: RHB Pete Martin | 0-0: Ball 1-0: Ball
 2-0: Ball
 3-0: Base on Balls
 James Steinmetz to second
 |  
		| Batting: RHB Josh Ebeling | 0-0: Ball 1-0: Called Strike
 1-1: Ball
 2-1: Ball
 3-1: Foul Ball, location: 2F
 3-2: Foul Ball, location: 2F
 3-2: Foul Ball, location: 2F
 3-2:  Fly out, F9  (Flyball, 89D, EV 100.6 MPH)
 |  
		| Top of the 7th over - 0 runs, 0 hits, 0 errors, 2 left on base; Pennsylvania State University 4 - Clemson University 4 |  
	| BOTTOM OF THE 7TH | 
|---|
 
		| Clemson University Tigers batting - Pitching for Pennsylvania State University Nittany Lions : LHP Yari Rono |  
		| Batting: LHB Steve Gates | 0-0: Called Strike 0-1: Called Strike
 0-2: Strikes out swinging
 |  
		| Batting: LHB Santiago Carrillo | 0-0: Called Strike 0-1: DOUBLE  (Flyball, 78D, EV 94.4 MPH)
 |  
		| Batting: RHB Marco Maggs | 0-0: Ball 1-0: Called Strike
 1-1: Foul Ball, location: 2F
 1-2: Ground out 5-3 (Groundball, 56, EV 86.2 MPH)
 |  
		| Batting: RHB Josh LeSage | 0-0: Swinging Strike 0-1: Foul Ball, location: 2F
 0-2: Ball
 1-2: Ball
 2-2: Ball
 3-2: Foul Ball, location: 2F
 3-2:  2-RUN HOME RUN  (Flyball, 7LD, EV 96.2 MPH), Distance : 371 ft
 |  
		| Pitching: LHP Roberto Mendez |  |  
		| Batting: LHB Jochen Salt | 0-0: Called Strike 0-1: Ball
 1-1:  Fly out, F8  (Flyball, 8LD, EV 91.2 MPH)
 |  
		| Bottom of the 7th over - 2 runs, 2 hits, 0 errors, 0 left on base; Pennsylvania State University 4 - Clemson University 6 |  
	| TOP OF THE 8TH | 
|---|
 
		| Pennsylvania State University Nittany Lions batting - Pitching for Clemson University Tigers : LHP Jonathan Hughes |  
		| Batting: RHB Rob Hinojosa | 0-0: Ball 1-0: Ball
 2-0: Called Strike
 2-1: Called Strike
 2-2: Foul Ball, location: 2F
 2-2: Ball
 3-2: Foul Ball, location: 2F
 3-2: Strikes out swinging
 |  
		| Batting: RHB Victor Victorino | 0-0: Ball 1-0: Ball
 2-0: Ball
 3-0:  Fly out, F9  (Line Drive, 9S, EV 93.1 MPH)
 |  
		| Batting: RHB Joe Strachan | 0-0: Ball 1-0:  Fly out, F9  (Line Drive, 9S, EV 105.6 MPH)
 |  
		| Top of the 8th over - 0 runs, 0 hits, 0 errors, 0 left on base; Pennsylvania State University 4 - Clemson University 6 |  
	| BOTTOM OF THE 8TH | 
|---|
 
		| Clemson University Tigers batting - Pitching for Pennsylvania State University Nittany Lions : LHP Roberto Mendez |  
		| Batting: RHB Jason Duncan | 0-0: Ball 1-0:  SOLO HOME RUN  (Flyball, 7D, EV 103.8 MPH), Distance : 397 ft
 |  
		| Batting: LHB Mario Nunez | 0-0: Called Strike 0-1: Ball
 1-1: Foul Ball, location: 2F
 1-2: Ball
 2-2: Ground out 5-3 (Groundball, 56, EV 91.9 MPH)
 |  
		| Batting: RHB Willis Suarez | 0-0: Ball 1-0: Swinging Strike
 1-1: Swinging Strike
 1-2: Strikes out swinging
 |  
		| Batting: RHB Danny Gutierrez | 0-0: Ground out U3 (Groundball, 3, EV 101.2 MPH) |  
		| Bottom of the 8th over - 1 run, 1 hit, 0 errors, 0 left on base; Pennsylvania State University 4 - Clemson University 7 |  
	| TOP OF THE 9TH | 
|---|
 
		| Pennsylvania State University Nittany Lions batting - Pitching for Clemson University Tigers : LHP Jonathan Hughes |  
		| Pitching: LHP Will West |  |  
		| Batting: RHB Guy Jock | 0-0: Called Strike 0-1: Ball
 1-1: Foul Ball, location: 2F
 1-2: Ground out 6-3 (Groundball, 56, EV 101.9 MPH)
 |  
		| Pinch Hitting: RHB Zachary Roberts | 0-0: Swinging Strike 0-1: Ball
 1-1: Ball
 2-1: Called Strike
 2-2: Foul Ball, location: 2F
 2-2: Ground out 2-3 (Groundball, 13S, EV 68.1 MPH)
 |  
		| Batting: RHB James Steinmetz | 0-0: Foul Ball, location: 2F 0-1: Ball
 1-1:  Fly out, F7  (Line Drive, 7, EV 91.2 MPH)
 |  
		| Top of the 9th over - 0 runs, 0 hits, 0 errors, 0 left on base; Pennsylvania State University 4 - Clemson University 7 |  |